 Dungeon Crawl Stone Soup version 0.22.0-49-gab54619 (webtiles) character file.

53907 HarryHood the Bludgeoner (level 14, -4/126 HPs)
             Began as a Minotaur Berserker on Sept 1, 2018.
             Was a High Priest of Trog.
             Slain by a spiny frog (16 damage)
             ... on level 6 of the Lair of Beasts on Sept 3, 2018.
             The game lasted 01:10:28 (18333 turns).

HarryHood the Bludgeoner (Minotaur Berserker)      Turns: 18333, Time: 01:10:28

Health: -4/126     AC: 15    Str: 24    XL:     14   Next: 32%
Magic:  13/13      EV: 16    Int:  4    God:    Trog [*****.]
Gold:   1112       SH:  5    Dex: 13    Spells: 13/13 levels left

rFire    x . .     SeeInvis .   a - +9 morningstar (venom)
rCold    + . .     Gourm    .   E - +0 buckler
rNeg     . . .     Faith    .   C - +0 scale mail {rPois}
rPois    +         Spirit   .   H - +0 hat
rElec    .         Reflect  .   t - +2 cloak
rCorr    .         Harm     .   F - +0 pair of gloves
MR       +....                  j - +0 pair of boots
Stlth    ..........             (no amulet)
HPRegen  0.31/turn              y - ring of ice
MPRegen  0.13/turn              (no ring)

@: no status effects
A: retaliatory headbutt, horns 2
a: Berserk, Trog's Hand, Brothers in Arms, Renounce Religion


You were on level 6 of the Lair of Beasts.
You worshipped Trog.
Trog was extremely pleased with you.
You were not hungry.

You visited 2 branches of the dungeon, and saw 17 of its levels.

You collected 1266 gold pieces.
You spent 154 gold pieces at shops.

Inventory:

Hand Weapons
 a - a +9 morningstar of venom (weapon)
 b - a +0 hunting sling of velocity
 J - a +0 fustibalus
Missiles
 d - 519 stones (quivered)
 h - 232 sling bullets
Armour
 j - a +0 pair of boots (worn)
 t - a +2 cloak (worn)
 A - a +0 chain mail
 C - a +0 scale mail of poison resistance (worn)
 D - a +0 plate armour
 E - a +0 buckler (worn)
 F - a +0 pair of gloves (worn)
 G - the +2 cloak of the Thief {+Fog Slay-2 SInv Stlth+}
   (You found it on level 3 of the Lair of Beasts)

   It affects your accuracy and damage with ranged weapons and melee attacks
   (-2).
   It lets you see invisible.
   It makes you more stealthy.
 H - a +0 hat (worn)
Jewellery
 y - a ring of ice (left hand)
Wands
 v - a wand of disintegration (7) {@e1}
Scrolls
 f - 6 scrolls of remove curse {@r1}
 i - 4 scrolls of magic mapping {@r5}
 l - 8 scrolls of teleportation {@r0}
 r - a scroll of identify
 w - 2 scrolls of blinking {@r7}
 x - 3 scrolls of fear
Potions
 c - 4 potions of brilliance
 g - a potion of lignification {!q}
 k - 5 potions of flight
 m - 4 potions of cancellation
 n - 2 potions of magic
 o - 3 potions of agility
 p - 3 potions of might
 q - 4 potions of curing {@q2}
 s - 2 potions of heal wounds {@q1}
 u - 2 potions of mutation {!q}
 z - 3 potions of ambrosia
 B - a potion of haste
 I - a potion of invisibility
Comestibles
 e - 37 rations {@e1}


   Skills:
 - Level 12.0 Fighting
 - Level 16.0 Maces & Flails
 + Level 13.5 Slings
 - Level 12.0 Armour
 + Level 10.8 Dodging
 - Level 4.1 Shields


You had 13 spell levels left.
You didn't know any spells.
Your spell library was empty.

Dungeon Overview and Level Annotations

Branches:
Dungeon (11/15)            Temple (0/1) D:7            Lair (6/6) D:11
  Swamp (0/4) Lair:2        Snake (0/4) Lair:4          Orc (0/2) D:11
  Slime: Lair:5-6

Altars:
Ashenzari
Fedhas
Kikubaaqudgha
Makhleb
Okawaru
Uskayaw
Vehumet
Xom
Zin
Beogh

Shops:
D:6 !   D:7 !

Annotations:
D:9 exclusion: oklob plant
Lair:1 1 runed door, cellescent's ghost, novice DsWn
Lair:4 exclusion: oklob plant
Lair:5 exclusion: oklob plant


Innate Abilities, Weirdness & Mutations

You reflexively headbutt those who attack you in melee.
You have a pair of horns on your head.


Message History

Your headbutt misses the manticore.
The spiny frog stings you but does no damage.
You puncture the manticore!
The manticore looks as sick as possible!
The manticore bites you but does no damage.
The manticore barely misses you. x2
The spiny frog stings you but does no damage.
You impale the manticore!!
You kill the manticore!
Trog accepts your kill. The spiny frog barely misses you.
You furiously retaliate!
You headbutt the spiny frog, but do no damage.
You barely miss the spiny frog. You puncture the spiny frog!
The spiny frog stings you!
* * * LOW HITPOINT WARNING * * *
You take 16 damage, and have 12/126 hp.
You hit the spiny frog.
The spiny frog is poisoned.
You headbutt the spiny frog, but do no damage.
The spiny frog stings you!
You die...

#...........................#.
###............#....##....####...
..##........#.?.P....#.....P###P.
...........P......######..P.###P.
....÷.P.....P...#########..#.#...
...........##..####.P#.###.......
...............###......####.....
..............###†..▒.▒..######..
............####@†..†.....# ##..
............# ##.F...#.....###...
†...##......###P....## [...##....
....##.....#.##..##### $..##....
.............#...#...# .P##....
....#P......##...#...# ###...≈
.......†....##.......##### ##.≈≈
........#...###..###.#...## #..≈
........##### #......#....####.≈≈


You could see a spiny frog.

Vanquished Creatures
  A dire elephant (Lair:6)
  Harold (Lair:2)
  6 hydras
  A catoblepas (Lair:6)
  A two-headed ogre (D:9)
  The ghost of Buffagor the Thaumaturge, a journeyman GrEE of Vehumet (D:10)
  Erica (D:11)
  9 death yaks
  2 cyclopes (D:11)
  2 manticores (Lair:6)
  11 elephants
  Psyche (D:9)
  6 black mambas (Lair:6)
  13 spiny frogs
  10 komodo dragons
  A troll (D:11)
  2 meliai (D:11)
  6 polar bears
  A hornet (D:10)
  19 blink frogs
  6 hippogriffs
  2 dream sheep (Lair:6)
  A wraith (D:11)
  2 wyverns (Lair:4)
  A human (D:7)
  46 yaks
  5 basilisks
  A hungry ghost (D:8)
  4 hogs (D:7)
  A swamp drake (Lair:2)
  16 water moccasins
  8 porcupines
  A sky beast (D:6)
  7 orc warriors
  3 phantoms
  4 ogres
  2 ice beasts
  10 black bears
  2 necrophages
  7 wolves
  10 crocodiles
  4 centaurs
  17 bullfrogs
  A water moccasin zombie (D:8)
  3 scorpions
  7 killer bees
  19 wights
  6 howler monkeys (D:9)
  4 electric eels
  6 crimson imps
  3 bullfrog zombies
  A quasit (D:7)
  A centaur zombie (D:11)
  2 hounds
  5 orc priests
  2 jellies
  6 iguanas
  7 orc wizards
  8 worker ants
  A killer bee zombie (D:5)
  A hound zombie (D:8)
  A mummy (D:8)
  3 worker ant zombies
  7 adders
  4 shadow imps
  5 oozes
  An adder zombie (D:6)
  5 worms
  4 dart slugs
  5 leopard geckos
  57 orcs
  6 bats
  6 giant cockroaches
  2 goblins
  7 hobgoblins
  6 jackals
  2 quokkas (D:7)
  5 frilled lizards
  8 kobolds
  2 leopard gecko skeletons
  A quokka zombie (D:6)
  7 rats
482 creatures vanquished.

Vanquished Creatures (others)
  11 fungi
  16 plants
27 creatures vanquished.

Grand Total: 509 creatures vanquished

Notes
Turn   | Place    | Note
-------+----------+-------------------------------------------
     0 | D:1      | HarryHood the Minotaur Berserker began the quest for the
                  | Orb.
     0 | D:1      | Reached XP level 1. HP: 19/19 MP: 0/0
    71 | D:1      | Reached XP level 2. HP: 25/27 MP: 1/1
   164 | D:1      | Reached skill level 4 in Maces & Flails
   772 | D:2      | Reached XP level 3. HP: 33/33 MP: 2/2
   819 | D:2      | Found a shimmering altar of Xom.
   859 | D:2      | Reached skill level 5 in Maces & Flails
  1119 | D:2      | Reached ** piety under Trog
  1137 | D:2      | Found a radiant altar of Vehumet.
  1161 | D:2      | Reached XP level 4. HP: 40/40 MP: 3/3
  1388 | D:2      | You fall through a shaft for 2 floors!
  1582 | D:3      | Reached skill level 6 in Maces & Flails
  1613 | D:3      | Reached skill level 4 in Fighting
  1721 | D:2      | Upgraded the game from 0.22.0-40-g68aacdc to
                  | 0.22.0-49-gab54619
  2609 | D:4      | Reached XP level 5. HP: 22/47 MP: 4/4
  2678 | D:4      | Reached skill level 5 in Fighting
  2792 | D:4      | Reached *** piety under Trog
  2839 | D:4      | Noticed an ogre
  2847 | D:4      | Killed an ogre
  2847 | D:4      | Reached skill level 6 in Fighting
  2847 | D:4      | Reached XP level 6. HP: 58/58 MP: 5/5
  3563 | D:5      | Entered Level 5 of the Dungeon
  3602 | D:5      | Reached skill level 3 in Armour
  4009 | D:5      | Reached skill level 4 in Armour
  4050 | D:5      | Reached XP level 7. HP: 60/64 MP: 6/6
  4370 | D:6      | Reached skill level 7 in Maces & Flails
  4458 | D:6      | Reached skill level 5 in Armour
  4490 | D:6      | Found Nieptidgha's Distillery.
  4519 | D:6      | Paralysed by a wight for 5 turns
  4572 | D:6      | Reached skill level 6 in Armour
  4674 | D:6      | Reached skill level 1 in Slings
  4716 | D:6      | Found a burning altar of Makhleb.
  4721 | D:6      | Reached skill level 8 in Maces & Flails
  4758 | D:6      | Found a glowing silver altar of Zin.
  4864 | D:7      | Found Tyturokh's Distillery.
  4874 | D:7      | Found a staircase to the Ecumenical Temple.
  4879 | D:7      | Bought a potion of heal wounds for 70 gold pieces
  4879 | D:7      | Bought a potion of curing for 42 gold pieces
  4879 | D:7      | Bought a potion of curing for 42 gold pieces
  4904 | D:7      | Reached skill level 2 in Slings
  4927 | D:7      | Reached XP level 8. HP: 50/71 MP: 7/7
  4965 | D:7      | Noticed a hippogriff
  4973 | D:7      | Killed a hippogriff
  4973 | D:7      | Reached skill level 3 in Slings
  5202 | D:7      | Reached skill level 4 in Slings
  5231 | D:7      | Reached skill level 9 in Maces & Flails
  5362 | D:7      | Noticed a hippogriff
  5373 | D:7      | Killed a hippogriff
  5373 | D:7      | Reached skill level 5 in Slings
  5536 | D:7      | Reached skill level 10 in Maces & Flails
  5536 | D:7      | Reached skill level 1 in Shields
  5540 | D:7      | Reached skill level 2 in Shields
  5540 | D:7      | Reached XP level 9. HP: 75/78 MP: 8/8
  5547 | D:7      | Reached skill level 3 in Shields
  5561 | D:7      | Reached skill level 4 in Shields
  5608 | D:7      | Found an ancient bone altar of Kikubaaqudgha.
  5608 | D:7      | Found a shattered altar of Ashenzari.
  5803 | D:7      | Reached **** piety under Trog
  5903 | D:8      | Reached skill level 11 in Maces & Flails
  5903 | D:8      | Reached skill level 6 in Slings
  5918 | D:8      | Found an iron altar of Okawaru.
  6019 | D:8      | Reached skill level 7 in Fighting
  6376 | D:8      | Reached skill level 8 in Fighting
  6434 | D:8      | Reached skill level 12 in Maces & Flails
  6470 | D:8      | Reached XP level 10. HP: 63/90 MP: 9/9
  6773 | D:9      | Noticed a two-headed ogre
  6795 | D:9      | Received a gift from Trog
  6799 | D:9      | Killed a two-headed ogre
  6799 | D:9      | Reached skill level 9 in Fighting
  6858 | D:9      | Noticed Psyche
  6865 | D:9      | Killed Psyche
  7019 | D:9      | Reached skill level 13 in Maces & Flails
  7161 | D:9      | Reached skill level 7 in Armour
  7182 | D:9      | Reached skill level 8 in Armour
  7357 | D:9      | Found a hide-covered altar of Uskayaw.
  7434 | D:9      | Found a blossoming altar of Fedhas.
  7455 | D:9      | Noticed an oklob plant
  7600 | D:10     | Entered Level 10 of the Dungeon
  7659 | D:10     | Received a gift from Trog
  7804 | D:10     | Reached ***** piety under Trog
  8017 | D:10     | Noticed Buffagor's ghost (journeyman GrEE)
  8019 | D:10     | Found a runed gate.
  8020 | D:10     | Found a runed gate.
  8020 | D:10     | Found a runed gate.
  8186 | D:10     | Reached XP level 11. HP: 97/97 MP: 10/10
  8322 | D:10     | Killed Buffagor's ghost
  8322 | D:10     | Reached skill level 14 in Maces & Flails
  8322 | D:10     | Reached skill level 9 in Armour
  8431 | D:11     | Reached skill level 3 in Dodging
  8454 | D:11     | HP: 8/97 [cyclops (15)]
  8455 | D:11     | Reached skill level 4 in Dodging
  8832 | D:11     | Noticed Erica
  8841 | D:11     | Killed Erica
  8857 | D:11     | Found a staircase to the Orcish Mines.
  9004 | D:11     | Reached skill level 5 in Dodging
  9191 | D:11     | Received a gift from Trog
  9423 | D:11     | Found a roughly hewn altar of Beogh.
  9423 | D:11     | Found a staircase to the Lair.
  9574 | Lair:1   | Entered Level 1 of the Lair of Beasts
  9613 | Lair:1   | Reached skill level 15 in Maces & Flails
  9617 | Lair:1   | Received a gift from Trog
  9619 | Lair:1   | Reached skill level 6 in Dodging
  9803 | Lair:1   | Reached skill level 10 in Fighting
 10056 | Lair:1   | Found a runed door.
 10056 | Lair:1   | Found a shimmering altar of Xom.
 10056 | Lair:1   | Noticed a quarterstaff of chaos
 10056 | Lair:1   | Noticed cellescent's ghost (novice DsWn)
 10273 | Lair:1   | Reached XP level 12. HP: 18/107 MP: 11/11
 10280 | Lair:1   | HP: 3/107 [blink frog (9)]
 10975 | Lair:2   | Received a gift from Trog
 10992 | Lair:2   | Reached skill level 11 in Fighting
 11007 | Lair:2   | Reached skill level 16 in Maces & Flails
 11225 | Lair:2   | Reached skill level 7 in Slings
 11471 | Lair:2   | Noticed Harold
 11486 | Lair:2   | Killed Harold
 11486 | Lair:2   | Reached skill level 12 in Fighting
 11516 | Lair:2   | Reached skill level 8 in Slings
 11589 | Lair:2   | Found a staircase to the Swamp.
 12251 | Lair:3   | Noticed an eight-headed hydra
 12257 | Lair:3   | Killed an eight-headed hydra
 12257 | Lair:3   | Reached skill level 10 in Armour
 12401 | Lair:3   | Noticed a five-headed hydra
 12412 | Lair:3   | Killed a five-headed hydra
 12412 | Lair:3   | Reached skill level 9 in Slings
 12607 | Lair:3   | Reached skill level 11 in Armour
 13016 | Lair:3   | Found the +2 cloak of the Thief {+Fog Slay-2 SInv Stlth+}
 13613 | Lair:4   | Reached XP level 13. HP: 109/118 MP: 12/12
 13619 | Lair:4   | Reached skill level 10 in Slings
 14139 | Lair:4   | Found a staircase to the Snake Pit.
 14182 | Lair:4   | Reached skill level 12 in Armour
 14198 | Lair:4   | Reached skill level 11 in Slings
 15133 | Lair:5   | Reached skill level 7 in Dodging
 15155 | Lair:5   | Received a gift from Trog
 15973 | Lair:5   | Reached skill level 8 in Dodging
 16184 | Lair:6   | Entered Level 6 of the Lair of Beasts
 16604 | Lair:6   | Reached skill level 12 in Slings
 16613 | Lair:6   | Received a gift from Trog
 16941 | Lair:6   | Reached skill level 9 in Dodging
 17521 | Lair:6   | Reached XP level 14. HP: 124/126 MP: 13/13
 17707 | Lair:6   | Received a gift from Trog
 17716 | Lair:6   | Reached ****** piety under Trog
 17716 | Lair:6   | Reached skill level 10 in Dodging
 17737 | Lair:6   | Reached skill level 13 in Slings
 18322 | Lair:6   | HP: 8/126 [spiny frog (17)]
 18332 | Lair:6   | HP: 12/126 [spiny frog (16)]
 18333 | Lair:6   | Slain by a spiny frog

Skill      XL: |  1  2  3  4  5  6  7  8  9 10 11 12 13 14 |
---------------+-------------------------------------------+-----
Maces & Flails | 4 5 6 8 10 12 13 15 16 | 16.0
Fighting       | 4 6 8 9 10 12 | 12.0
Armour         | 4 6 8 9 11 12 | 12.0
Slings         | 2 5 6 9 12 13 | 13.5
Shields        | 2 4 |  4.1
Dodging        | 6 9 10 | 10.8

Action                   |  1- 3 |  4- 6 |  7- 9 | 10-12 | 13-15 || total
-------------------------+-------+-------+-------+-------+-------++-------
Melee: Mace              |    70 |    44 |    47 |       |       ||   161
       Headbutt          |    14 |    27 |    63 |   130 |   120 ||   354
       Flail             |       |    96 |   217 |       |       ||   313
       Morningstar       |       |       |    19 |   598 |   380 ||   997
Invok: Berserk           |       |       |       |     1 |     2 ||     3
       Trog's Hand       |       |       |       |       |     2 ||     2
Evoke: Wand              |       |       |       |     3 |       ||     3
  Use: Scroll            |     3 |     8 |    10 |     8 |     5 ||    34
       Potion            |       |       |       |     1 |     4 ||     5
 Stab: Petrified         |       |       |       |       |     2 ||     2
  Eat: Chunk             |     1 |     7 |     9 |    15 |    13 ||    45
       Ration            |       |     1 |       |     3 |     1 ||     5
Armor: Animal skin       |     2 |       |       |       |       ||     2
       Scale mail        |    22 |    65 |    31 |    92 |   120 ||   330
       Chain mail        |       |       |    90 |   108 |       ||   198
Dodge: Dodged            |    50 |    69 |   121 |   193 |   184 ||   617
Block: Buckler           |       |       |    30 |    90 |    80 ||   200
